Cogmind - Beta 15 @@@ ROGUE MODE // 2025.08.27 @ 14:13:13 Player: polar Result: Destroyed by D-53 Grenadier with Mini Grenade Launcher Performance ------------- Evolutions (0) 0 Regions Visited (4) 800 Robots Destroyed (24) 120 Value Destroyed (582) 582 Prototype IDs (25) 500 Alien Tech Used (0) 0 Bonus (300) 300 TOTAL SCORE: 2302 Bonus ------- Aligned with FarCom 300 Cogmind --------- Core Integrity 0/250 Matter 300/300 Energy 100/100 System Corruption 0% Temperature Cool (0) Movement Core (400) Ox7 Location -9/Mines Parts ------- > --- POWER (1) -------- (None) > --- PROPULSION (2) --- (None) > --- UTILITY (2) ------ Large Storage Unit Seismic Detector > --- WEAPON (2) ------- Particle Gun > --- INVENTORY (15) --- Ion Engine Wheel Wheel Wheel Flying Fortress v7 Medium Storage Unit Huge Storage Unit Visual Processing Unit Targeting Computer Latent Energy Streamer Mining Laser Peak State ------------ > --- POWER ------------ Light Nuclear Core > --- PROPULSION ------- Light Treads Light Treads > --- UTILITY ---------- Large Storage Unit Seismic Detector > --- WEAPON ----------- Particle Gun Latent Energy Streamer > --- INVENTORY -------- Ion Engine Wheel Wheel Wheel Flying Fortress v7 Medium Storage Unit Huge Storage Unit Visual Processing Unit Targeting Computer Mining Laser [Rating: 23] Favorites ----------- Power Light Nuclear Core Engine Ion Engine Power Core Light Nuclear Core Propulsion Light Treads Treads Light Treads Utility Seismic Detector Device Seismic Detector Storage Large Storage Unit Weapon Particle Gun Energy Gun Particle Gun Energy Cannon Latent Energy Streamer Ballistic Gun Assault Rifle Launcher Grenade Launcher Build | -11 -10 -10 -10 -9 ------- Run | Yrd Mat Min Exi Min Slots Evolved . | . . . . . Power . | . . . . . Propulsion . | . . . . . Utility . | . . . . . Weapon . | . . . . . Parts Attached 13 | 7 5 . . 1 Power 2 | 1 1 . . . Engine 1 | 1 . . . . Core 1 | . 1 . . . Reactor . | . . . . . Propulsion 2 | 2 . . . . Treads 2 | 2 . . . . Leg . | . . . . . Wheel . | . . . . . Hover . | . . . . . Flight . | . . . . . Utility 4 | 2 2 . . . Device 1 | 1 . . . . Storage 3 | 1 2 . . . Processor . | . . . . . Hackware . | . . . . . Protection . | . . . . . Artifact . | . . . . . Weapon 5 | 2 2 . . 1 Energy Gun 2 | 1 1 . . . Energy Cannon 1 | . . . . 1 Ballistic Gun 1 | 1 . . . . Ballistic Cannon . | . . . . . Launcher 1 | . 1 . . . Special Weapon . | . . . . . Impact Weapon . | . . . . . Slashing Weapon . | . . . . . Piercing Weapon . | . . . . . Special Melee Weapon . | . . . . . Unidentified Prototypes . | . . . . . Parts Lost 6 | . 2 . . 4 Power 1 | . . . . 1 Propulsion 2 | . . . . 2 Utility . | . . . . . Weapon 3 | . 2 . . 1 Highest Loss Streak 4 | . 2 . . 4 To Critical Strikes . | . . . . . Average Backups 8 | 2 8 9 9 11 Power . | . 1 1 1 1 Propulsion 3 | 2 3 3 3 4 Utility 3 | . 3 4 4 4 Weapon 1 | . 1 1 1 2 Tool/Special . | . . . . . Unused Backups 10 | . 1 . . 9 Power 1 | . . . . 1 Propulsion 4 | . . . . 4 Utility 4 | . 1 . . 3 Weapon 1 | . . . . 1 Tool/Special . | . . . . . Average Slot Usage (%) 94 | . 90 98 100 100 Engine 2 | . 5 . . . Core 11 | . 8 14 14 14 Treads 28 | . 28 28 28 28 Device 14 | . 14 14 14 14 Storage 14 | . 14 14 14 14 Energy Gun 13 | . 13 14 14 14 Ballistic Gun 2 | . 5 . . . Launcher 6 | . . 12 14 14 Peak Build Rating 23 | 7 11 11 15 23 Average Rating 10 | 5 8 10 12 14 On Entrance 8 | . 7 10 11 15 Naked Turns . | . . . . . Heaviest Build 32 | 15 30 32 32 32 Greatest Support 40 | 40 40 40 40 40 Greatest Overweight (x) 9 | . . . . 9 Average Overweight (x) . | . . . . . Largest Inventory Capacity 15 | 8 15 15 15 15 Average Capacity 14 | 6 14 15 15 15 Most Carried 14 | 5 10 10 14 14 Average Carried 9 | 3 8 9 11 13 Final Capacity 15 | 8 15 15 15 15 Final Carried 14 | 5 10 9 14 14 Class Distribution -------------------- 100% | Mutant Dominant Class ---------------- Mutant | -10/Materials Mutant | -10/Mines Mutant | -10/Exiles Mutant | -9/Mines Resources | -11 -10 -10 -10 -9 ----------- Run | Yrd Mat Min Exi Min Matter Collected 510 | 215 215 80 . . Remotely . | . . . . . Salvage Created 525 | 39 344 142 . . Parts 32 | 6 20 6 . . Haulers Intercepted . | . . . . . Recyclers Shooed . | . . . . . Parts Field Recycled . | . . . . . Retrieved Matter . | . . . . . Parts Self-Destructed . | . . . . . Prevented . | . . . . . Kills | -11 -10 -10 -10 -9 ------- Run | Yrd Mat Min Exi Min Combat Hostiles Destroyed 17 | . 11 6 . . Melee 1 | . 1 . . . Guns 5 | . 3 2 . . AOE 11 | . 7 4 . . Classes Destroyed 6 | 1 4 1 . . Worker 1 | . 1 . . . Tunneler 2 | 2 . . . . Mechanic 1 | . . 1 . . Watcher 3 | . 3 . . . Swarmer 6 | . 6 . . . Grunt 11 | . 5 6 . . Best Kill Streak 6 | 2 6 5 . . Combat Bots Only 6 | . 6 4 . . Max Kills in Single Turn 3 | 1 3 1 . . Gunslinging . | . . . . . Exploded 3 | . 3 1 . . Melee 1 | . 1 . . . Uniques/NPCs Destroyed . | . . . . . Combat | -11 -10 -10 -10 -9 -------- Run | Yrd Mat Min Exi Min Hostile Shots Fired 84 | . 61 16 . 7 Missed 25 | . 19 6 . . Hits 59 | . 42 10 . 7 Projectile 59 | . 42 10 . 7 AOE 7 | . . . . 7 Critical Strikes 2 | . 2 . . . Damage Taken 957 | . 557 134 . 266 Core 250 | . 132 28 . 90 Absorbed by Shields . | . . . . . Core Remaining (%) 100 | 100 . . . . Volleys Fired 58 | 4 44 10 . . Largest 2 | 2 2 2 . . Hottest 95 | 60 65 95 . . Shots Fired 90 | 8 70 12 . . Gun 79 | 8 67 4 . . Cannon . | . . . . . Launcher 11 | . 3 8 . . Special . | . . . . . Kinetic 32 | 4 28 . . . Thermal 17 | . 13 4 . . Explosive 11 | . 3 8 . . Electromagnetic 30 | 4 26 . . . Robot Hit Streak 12 | 2 4 12 . . Robot Miss Streak 5 | 3 5 . . . Penetration Max . | . . . . . Secondary Targets . | . . . . . Shots Hit Robots 46 | 3 35 8 . . Core Hits 38 | 2 19 17 . . Critical Kills . | . . . . . Critical Parts Destroyed . | . . . . . Critical Strikes . | . . . . . Melee Attacks . | . . . . . Impact . | . . . . . Slashing . | . . . . . Piercing . | . . . . . Sneak Attacks . | . . . . . Combat Hostiles . | . . . . . Follow-up Attacks . | . . . . . Damage Inflicted 1609 | 34 944 631 . . Guns 555 | 34 476 45 . . Cannons . | . . . . . Explosions 1047 | . 461 586 . . Melee . | . . . . . Ramming 7 | . 7 . . . Kinetic 213 | 21 192 . . . Thermal 311 | . 266 45 . . Explosive 919 | . 333 586 . . Electromagnetic 159 | 13 146 . . . Impact . | . . . . . Slashing . | . . . . . Piercing . | . . . . . Highest Corruption . | . . . . . Average Corruption . | . . . . . Corruption Purged . | . . . . . Corruption Blocked . | . . . . . Overload Shots . | . . . . . Overflow Damage 75 | . 65 10 . . Projectiles . | . . . . . Explosions 75 | . 65 10 . . Melee . | . . . . . Knockbacks . | . . . . . Impact . | . . . . . Kinetic . | . . . . . Secondary . | . . . . . Self-Inflicted Damage 43 | . 43 . . . Shots 2 | . 2 . . . Rammed 3 | . 3 . . . Targets Rammed 3 | . 3 . . . Kicked . | . . . . . Crushed . | . . . . . Highest Temperature 173 | . 140 173 . . Average Temperature 60 | . 58 69 . . Received Heat Transfer 351 | . 279 72 . . Siege Activations . | . . . . . Martial Activations . | . . . . . Shielding Activations . | . . . . . Robots Disrupted . | . . . . . Combat Hostiles . | . . . . . Robots Corrupted . | . . . . . Combat Hostiles . | . . . . . Parts Fried 1 | . 1 . . . Impact Corruptions . | . . . . . Robots Melted . | . . . . . Combat Hostiles . | . . . . . Parts Melted . | . . . . . Heat Transferred 594 | . 483 111 . . Parts Sabotaged . | . . . . . Parts Stolen . | . . . . . Parts Stripped . | . . . . . Power Chain Reactions 1 | . 1 . . . Alert | -11 -10 -10 -10 -9 ------- Run | Yrd Mat Min Exi Min Maximum Alert Level 1 | . 1 . . . Low Security (%) 97 | 100 96 100 . 100 Level 1 2 | . 3 . . . Level 2 . | . . . . . Level 3 . | . . . . . Level 4 . | . . . . . Level 5 . | . . . . . High Security . | . . . . . Max Security . | . . . . . Peak Influence 211 | 10 211 190 . . Initial 54 | . . 54 . . Average 53 | . 50 78 . . Influence Increases 580 | 10 394 176 . . Destroy 0b10 Robot/C 340 | . 220 120 . . Destroy 0b10 Robot/NC 35 | 10 20 5 . . Destroy Leader 66 | . 46 20 . . Allied During Kill 8 | . . 8 . . Successful Hack 45 | . 45 . . . Disable Machine 30 | . 30 . . . Destroy Structure 41 | . 18 23 . . Lose Combat Pursuer 15 | . 15 . . . Influence Decreases 580 | 10 255 315 . . Entered New Map 85 | . . 85 . . Time Decay 475 | 10 235 230 . . Lost Part 20 | . 20 . . . Squads Dispatched 1 | . . 1 . . Investigation . | . . . . . Extermination . | . . . . . Reinforcement . | . . . . . Assault 1 | . . 1 . . Garrison . | . . . . . Intercept . | . . . . . Searches Triggered . | . . . . . Construction Impeded . | . . . . . Haulers Reinforced . | . . . . . Active Scanning Responses . | . . . . . Cargo Convoy Interrupts . | . . . . . Stealth | -11 -10 -10 -10 -9 --------- Run | Yrd Mat Min Exi Min Distress Signals 2 | . 2 . . . Communications Jammed . | . . . . . Distress Signals . | . . . . . Times Spotted 30 | . 21 7 . 2 Peak Tracking Total 6 | . 6 4 . 2 Tactical Retreats 1 | . 1 . . . Traps | -11 -10 -10 -10 -9 ------- Run | Yrd Mat Min Exi Min Traps Triggered . | . . . . . Indirectly . | . . . . . Trap Hack Attempts . | . . . . . Triggered . | . . . . . Disarmed . | . . . . . Reprogrammed . | . . . . . Reused . | . . . . . Traps Extracted . | . . . . . Installed . | . . . . . Triggered . | . . . . . Machines | -11 -10 -10 -10 -9 ---------- Run | Yrd Mat Min Exi Min Machines Disabled 2 | . 2 . . . Max in Single Turn 1 | . 1 . . . Machines Repaired . | . . . . . Machines Dismantled . | . . . . . Machines Sabotaged . | . . . . . Overloaded Fab Kills . | . . . . . Hacking | -11 -10 -10 -10 -9 --------- Run | Yrd Mat Min Exi Min Machines Accessed 8 | . 7 . 1 . Terminals 5 | . 5 . . . Fabricators . | . . . . . Repair Stations . | . . . . . Recycling Units 2 | . 2 . . . Scanalyzers . | . . . . . Garrison Access . | . . . . . Total Hacks 25 | . 24 . 1 . Successful 13 | . 12 . 1 . Failed 11 | . 11 . . . Catastrophic . | . . . . . Database Lockouts 1 | . 1 . . . Manual 17 | . 16 . 1 . Terminals 22 | . 22 . . . Fabricators . | . . . . . Repair Stations . | . . . . . Recycling Units 2 | . 2 . . . Scanalyzers . | . . . . . Garrison Access . | . . . . . Terminal Hacks 8 | . 7 . 1 . Robot Analysis 1 | . 1 . . . Prototype ID Bank 1 | . 1 . . . Branch Access Points 1 | . 1 . . . Locate Traps 2 | . 2 . . . Hauler Manifests 1 | . 1 . . . Zone Layout 1 | . 1 . . . Proto ID Catalog 1 | . . . 1 . Fabricator Hacks . | . . . . . Repair Station Hacks . | . . . . . Recycling Unit Hacks 2 | . 2 . . . Report Inventory 2 | . 2 . . . Scanalyzer . | . . . . . Garrison Access Hacks . | . . . . . Unauthorized Hacks 3 | . 3 . . . Terminals 3 | . 3 . . . Botnet 2 | . 2 . . . Operators 1 | . 1 . . . Fabricators . | . . . . . Repair Stations . | . . . . . Recycling Units . | . . . . . Scanalyzers . | . . . . . Garrison Access . | . . . . . Data Cores Recovered . | . . . . . Used . | . . . . . Hacking Detections 5 | . 5 . . . Full Trace Events . | . . . . . Feedback Events . | . . . . . Feedback Blocked . | . . . . . Robot Schematics Acquired . | . . . . . Robots Built . | . . . . . Authchips . | . . . . . Time . | . . . . . Total Robot Build Rating . | . . . . . Part Schematics Acquired . | . . . . . Parts Built . | . . . . . Authchips . | . . . . . Time . | . . . . . Total Part Build Rating . | . . . . . Parts Repaired . | . . . . . Time . | . . . . . Parts Recycled . | . . . . . Recycled Matter . | . . . . . Retrieved Matter . | . . . . . Retrieved Components . | . . . . . Parts Scanalyzed . | . . . . . Part Schematics Acquired . | . . . . . Parts Damaged . | . . . . . Bothacking | -11 -10 -10 -10 -9 ------------ Run | Yrd Mat Min Exi Min Used RIF Installer . | . . . . . Robots Hacked . | . . . . . Non-combat . | . . . . . Combat . | . . . . . Robot Hacks Applied . | . . . . . Relay Couplers Released . | . . . . . Fabnet Peak Effective % . | . . . . . Robots Rewired . | . . . . . Allies Hacked . | . . . . . Hacks Repelled . | . . . . . Allies | -11 -10 -10 -10 -9 -------- Run | Yrd Mat Min Exi Min Total Allies 3 | . . 3 . . Largest Group 3 | . . 3 3 1 Highest-Rated Group 73 | . . 73 73 31 Highest-Rated Ally 31 | . . 31 31 31 Total Orders . | . . . . . Ally Attacks 5 | . . 4 . 1 Total Damage 106 | . . 85 . 21 Kills . | . . . . . Allies Corrupted . | . . . . . Allies Melted . | . . . . . Intel | -11 -10 -10 -10 -9 ------- Run | Yrd Mat Min Exi Min Active Infowar (turns) 2090 | 10 1089 560 345 86 Seismic 2090 | 10 1089 560 345 86 Robot Analysis Total 1 | . 1 . . . Derelict Logs Recovered 2 | . . 2 . . Drone Launches . | . . . . . Drone Recoveries . | . . . . . Exploration | -11 -10 -10 -10 -9 ------------- Run | Yrd Mat Min Exi Min Turns Passed 2198 | 118 1089 560 345 86 Spaces Moved 1244 | 60 587 331 215 51 Core 5 | 4 . . . 1 Treads 1239 | 56 587 331 215 50 Legs . | . . . . . Wheels . | . . . . . Hover . | . . . . . Flight . | . . . . . Fastest Speed 50 | 50 160 160 160 160 Average Speed 159 | 152 160 160 160 166 Slowest Speed 500 | 160 160 160 160 500 Overloaded Moves . | . . . . . Propulsion Burnouts . | . . . . . Robots Hopped . | . . . . . Potential Cave-ins . | . . . . . Cave-ins Triggered . | . . . . . Exploration Rate (%) 48 | 4 78 79 62 18 Regions Visited 4 Branch Regions 3 Pre-discovered Areas . | . . . . . Known Exits Taken 1 | . 1 . . . Unknown Exits Taken 3 | 1 . 1 1 . Scrap Searched 1 | . . 1 . . Spaces Dug 12 | . 12 . . . Terrain Destroyed 48 | . 16 32 . . Melee . | . . . . . Projectile . | . . . . . AOE 48 | . 16 32 . . Terrain Rammed . | . . . . . Walls Destroyed . | . . . . . Machines Disabled . | . . . . . Actions | -11 -10 -10 -10 -9 --------- Run | Yrd Mat Min Exi Min Total 1359 | 75 665 350 216 53 Wait 27 | . 18 9 . . Move 1240 | 59 586 330 214 51 Hop . | . . . . . Pick Up 12 | 5 5 . 2 . Fast Attach 8 | 7 1 . . . Attach 3 | . 1 1 . 1 Detach 2 | . 1 . . 1 Swap 3 | . 3 . . . Drop 3 | . 3 . . . Fire 58 | 4 44 10 . . Melee . | . . . . . Ram . | . . . . . Kick . | . . . . . Crush 3 | . 3 . . . Escape Stasis . | . . . . . Rewire . | . . . . . Trap . | . . . . . Miscellaneous . | . . . . . Route ------- -11/Scrapyard -10/Materials (discovered 4 exits: [*Mat x3] / *Min) -10/Mines (discovered 3 exits: [*Mat x2] / *Exi) -10/Exiles -9/Mines History --------- Turn | Location | Event 2 | -11/Scrapyard | Met Revision 17 18 | -11/Scrapyard | Discovered new exit (range 15) 119 | -11/Scrapyard | Entered Materials 166 | -10/Materials | Identified exit to Mines 317 | -10/Materials | Build established: Mutant 618 | -10/Materials | Discovered new exit (range 13) 714 | -10/Materials | Discovered new exit (range 15) 856 | -10/Materials | Central database locked down 958 | -10/Materials | Core integrity fell below 50% 1001 | -10/Materials | Discovered new exit (range 8) 1208 | -10/Materials | Entered Mines 1209 | -10/Mines | Met a Derelict testing a Signal Generator 1259 | -10/Mines | Learned Materials garrison access intel 1322 | -10/Mines | Learned Materials emergency access door positions 1427 | -10/Mines | Discovered new exit (range 15) 1584 | -10/Mines | Deemed a non-threat by the Exiles lab entrance 1585 | -10/Mines | Discovered new exit (range 5) 1628 | -10/Mines | Discovered new exit (range 16) 1768 | -10/Mines | Entered Exiles 1768 | -10/Exiles | Accompanied by 3 allies 1798 | -10/Exiles | Led the pair of lost Derelicts to a safe place 1808 | -10/Exiles | Met 8R-AWN 1831 | -10/Exiles | Met EX-HEX 1880 | -10/Exiles | Met EX-BIN 1898 | -10/Exiles | Aligned with FarCom system 1900 | -10/Exiles | Given EX-Vault access code 1941 | -10/Exiles | Opened EX-Vault 1949 | -10/Exiles | Found Flying Fortress v7 1953 | -10/Exiles | Found Latent Energy Streamer 1983 | -10/Exiles | Warned to stay clear of 0b10 Research branches 2033 | -10/Exiles | Met EX-DEC 2097 | -10/Exiles | Discovered new exit (range 10) 2113 | -10/Exiles | Stole two prototypes: Flying Fortress v7, Latent Energy Streamer 2113 | -10/Exiles | Entered Mines 2113 | -9/Mines | Accompanied by 1 ally 2125 | -9/Mines | Met a Derelict bent on vengeance 2167 | -9/Mines | Assembled infested the area 2198 | -9/Mines | Core integrity fell below 20% 2199 | -9/Mines | Destroyed by D-53 Grenadier with Mini Grenade Launcher Last Messages --------------- move in here and I'll invert your atomic chain! 02035_ EX-DEC: "Oops, I hope HEX didn't hear that..." 02097_ EXIT=FOUND LOCATION=UNKNOWN GOAL=ESCAPE 02113_ Receiving FarCom transmissions... 02167_ ALERT: Infestation in the mines, dispatching Demolisher response squad. 02193_ C-30 ARC bursts open, deploying its payload. 02193_ D-53 Grenadier unfolds itself. 02193_ Grenade Launcher destroyed. 02195_ The unstable cave ceiling collapses. 02195_ Lgt. Treads destroyed. 02196_ The unstable cave ceiling collapses. 02197_ Lgt. Nuclear Core destroyed. 02197_ F7-MEO(g) destroyed. 02199_ The unstable cave ceiling collapses. Map ----- +----------------------------------------------------+ | | | | | | | | | ?????????????????????????????????????????????????? | | ?????????????????????????????????????????????????? | | ?????????????????????????????????????????????????? | | ?????????????????????????????????????????????????? | | ?????????????????????????????????????????????????? | | ?????????????????????????????????????????????????? | | ?????????????????????????????????????????????????? | | ?????????????????????????????????????????????????? | | ?????????????????????????????????????????????????? | | ?????????????????????????????????????????????????? | | ?????????????????????????????????????????????????? | | ?????????????????????????????????????????????????? | | ?????????????????????????????????????????????????? | | ?????????????????????????????????????????????????? | | ?????????????????????????????????????????????????? | | ?????????????????????????????????????????????????? | | ??????????????????????#########??????????????????? | | ?????????????????????## # ##??????? ???????? | | ?????????????????????# # #?????? #???????? | | ?????????????????##### ##????# #???????? | | ????????????????## # ##??# #????????? | | ???????????????## @ ### #?????????? | | ???????????????# % #??????????? | | ??????????????# #??????????? | | ???####?????# # #??????????? | | ## #????## ## #??????????? | | ? ##??## #### ##??????????? | | ??# ### #???????????? | | ?????????# d ##???????????? | | ?????????## # ######%d ##????????????? | | ??????????# ## ## #????##u u ##????????????? | | ??????????# ?## #### #?????## ##???????????? | | ??????????# ???####??# #??????##r #???????????? | | ??????????# ?????????# #???????##t ##???????????? | | ??????????#??????????# #????????# ##????????????? | | ?????????????????????# ?????#### #?????????????? | | ?????????????????????###?# ### ########??????? | | ?????????????????????????# #???? | | ?????????????????????????#### #######??????? | | ????????????????????????????## #????????????? | | ?????????????????????????????#### ##????????????? | | ????????????????????????????????####?????????????? | | ?????????????????????????????????????????????????? | | ?????????????????????????????????????????????????? | | ?????????????????????????????????????????????????? | | ?????????????????????????????????????????????????? | +----------------------------------------------------+ Best States ------------- Heat Dissipation 25 Energy Generation 14 Energy Capacity 250 Matter Stores 300 Matter Capacity 300 Sight Range 16 Terrain Scan Density 10 Evasion (%) 40 Recoil Reduction 2 Item Schematics ----------------- None Robot Schematics ------------------ None Fabricated ------------ Nothing Repaired ---------- Nothing Alien Tech Used ----------------- None Achievements -------------- None Challenges ------------ None Game ------ Seed ControlBattleShovel Manual? 0 Play Time 00:16:38 Cumulative 400.9 hours Start 2025.08.27 @ 13:52:21 End 2025.08.27 @ 14:13:13 Sessions 1 Manual Loads 0 Difficulty Rogue Special Mode None Game No. 132 Rogue 130 Adventurer 0 Explorer 2 Win Type - Total 10 Types 8/0/1/1/0/0/0/0/0/0 Lore% 82 Gallery% 76 Achievement% 76 Wizard Run 0 Options --------- Layout 2 ASCII 0 Keyboard 1 Movement Numpad Keybinds 0 Fullscreen 1 Font 24/Smallcaps Map View 50x44 Zoom Use 0% Tactical HUD 1 Map Filters NONE Filters NONE Steam 0 RUN: 55807f5a-669b-43df-9c37-506958f83dd3